[Event "Amsterdam Chess Open 2024"]
[Site "Amsterdam"]
[Date "2024.11.01"]
[Round "2.1"]
[White "Van den Doel, Erik"]
[Black "Wunnink, Michael"]
[Result "1/2-1/2"]
[ECO "B30"]
[WhiteElo "2557"]
[BlackElo "2162"]
[Annotator "TA"]
[PlyCount "109"]
[EventDate "2024.10.31"]
[EventType "swiss"]
[EventCountry "NED"]
[SourceTitle "playchess.com"]
[Source "ChessBase"]
[SourceQuality "1"]
[TimeControl "5400+30"]

1. e4 c5 2. Nf3 Nc6 3. Bb5 Nf6 4. Qe2 e5 5. O-O Be7 6. d3 {[%emt 0:01:54] B30: Sicilian: 2...Nc6 3 Bb5, lines without ...g6.} d6 7. c3 $146 ({Predecessor:} 7. Nbd2 O-O 8. c3 Bd7 9. Rd1 Re8 10. Nf1 Bf8 11. Bg5 h6 12. Bh4 a6 13. Ba4 b5 {0-1 Frilli,G (2142)-Lanzani,M (2352) Aosta op 12th 2004 (4)}) 7... O-O 8. h3 h6 9. Rd1 Re8 10. Nbd2 Bf8 11. Ba4 Bd7 12. Bb3 Be6 13. Bxe6 Rxe6 14. Nc4 d5 15. exd5 Qxd5 16. a4 Rd8 17. Be3 Qd7 18. Qc2 Nd5 19. a5 Nxe3 20. fxe3 Qc7 21. e4 Ne7 22. Ne3 Kh8 23. c4 Nc6 24. Nd5 Qc8 25. Rf1 g6 (25... Be7 $11) 26. Qf2 $14 Nb4 {[%emt 0:03:46] [#]} (26... Rd7 $14) 27. Nd2 (27. Qh4 $1 $16 {Threatens to win with Ng5.} Kg8 28. Nh2) 27... Nxd3 28. Qxf7 Bg7 (28... Nf4 $1 $14) 29. Qf3 (29. a6 $16 bxa6 30. Ne7 (30. Qxa7 $2 {loses.} Rd7 $19) 30... Rxe7 31. Qxe7) 29... Nf4 $14 30. Kh2 Rf8 31. Qe3 Ree8 32. Rf2 Rf7 33. Nb3 Bf8 $1 34. Raf1 (34. Rd1 $5) 34... Bd6 35. Nc1 Ref8 36. Ne2 Kh7 37. Ng1 Qe8 38. g3 Nxd5 39. cxd5 Rxf2+ 40. Rxf2 Rxf2+ 41. Qxf2 Kg7 42. a6 bxa6 43. Qc2 Qb5 44. Nf3 (44. h4 $11) 44... c4 (44... Qf1 $15 45. Qg2 Qd3) 45. h4 $11 Qc5 46. h5 g5 ({Don't play} 46... gxh5 47. Nh4 $14) 47. Kg2 Qe3 {[%emt 0:00:20] [#]} (47... Qb5 $11 {remains equal.}) 48. Qf2 $2 ({Reject} 48. Qxc4 $6 g4 49. Nh4 Qd2+ 50. Kg1 Qe1+ 51. Kg2 Qd2+ 52. Kf1 Qd1+ 53. Kf2 Qd2+ 54. Kg1 Qe1+ 55. Kg2 Qd2+ $11) (48. Nh2 $1 $16 {stays on course.}) 48... Qxe4 $19 49. Qxa7+ Kg8 $2 (49... Kf6 $19 {aiming for ...g4.} 50. Qd7 Qxd5) 50. Qd7 Qe2+ 51. Kh3 Qxf3 52. Qxd6 Qh1+ 53. Kg4 Qe4+ 54. Kh3 Qh1+ 55. Kg4 1/2-1/2

[Event "Amsterdam Chess Open 2024"]
[Site "Amsterdam"]
[Date "2024.11.01"]
[Round "2.2"]
[White "Krstic, Andrija Marko"]
[Black "Sharan, Rao"]
[Result "0-1"]
[ECO "D38"]
[WhiteElo "2152"]
[BlackElo "2401"]
[Annotator "RC"]
[PlyCount "110"]
[EventDate "2024.10.31"]
[EventType "swiss"]
[EventCountry "NED"]
[SourceTitle "playchess.com"]
[Source "ChessBase"]
[SourceQuality "1"]
[TimeControl "5400+30"]

1. d4 Nf6 2. c4 e6 3. Nf3 d5 4. Nc3 Bb4 5. Qb3 c5 6. dxc5 Na6 7. e3 Bxc3+ 8. Qxc3 Nxc5 9. cxd5 Qxd5 10. Bc4 Qd6 11. O-O O-O 12. b3 b6 13. Bb2 Bb7 14. Rfd1 Qe7 15. Ne5 Rac8 16. Ng4 Nce4 17. Qe5 Rc5 18. Nxf6+ gxf6 19. Qd4 Rg5 20. f3 e5 21. Qd3 Nc5 22. Qe2 Kh8 23. g3 Rfg8 24. Bd5 Bxd5 25. Rxd5 Qe6 26. Qd1 Qh3 27. Rd8 Rxg3+ 28. hxg3 Qxg3+ 29. Kf1 Qg2+ 30. Ke1 Qxb2 31. Rxg8+ Kxg8 32. Qd8+ Kg7 33. Rd1 Qxa2 34. b4 Ne6 35. Qd2 Qc4 36. Qg2+ Ng5 37. Qg4 Qc6 38. Kf2 Qc2+ 39. Ke1 Qh2 40. Kf1 h5 41. Qg2 Qh4 42. b5 Qa4 43. Qe2 e4 44. f4 Nf3 45. Kf2 h4 46. Rg1+ Kf8 47. Rc1 Qb4 48. Rc4 Qb1 49. Rc8+ Kg7 50. Qf1 Qa2+ 51. Qe2 Qe6 52. Rc6 Qg4 53. Qf1 Qg3+ 54. Ke2 Ng1+ 55. Kd2 h3 0-1

[Event "Amsterdam Chess Open 2024"]
[Site "Amsterdam"]
[Date "2024.11.01"]
[Round "2.3"]
[White "Van Doren, Bas"]
[Black "Bagrationi, Alexander"]
[Result "1-0"]
[ECO "E04"]
[WhiteElo "2147"]
[BlackElo "2391"]
[Annotator "TA"]
[PlyCount "67"]
[EventDate "2024.10.31"]
[EventType "swiss"]
[EventCountry "NED"]
[SourceTitle "playchess.com"]
[Source "ChessBase"]
[SourceQuality "1"]
[TimeControl "5400+30"]

1. Nf3 d5 2. g3 c5 3. Bg2 Nc6 4. d4 Nf6 5. O-O e6 6. c4 dxc4 7. dxc5 Qxd1 8. Rxd1 Bxc5 9. Nbd2 c3 10. bxc3 O-O 11. Nb3 Bb6 12. c4 Ne4 13. e3 Nc3 {[%emt 0:05:01] White is slightly better.} 14. Rd2 e5 (14... Ne4 $14) 15. Rc2 $18 Ne4 16. Nxe5 Bf5 (16... Nxe5 $16 {was necessary.} 17. Bxe4 Bc7) 17. g4 Nb4 18. Re2 (18. gxf5 Nxc2 19. Rb1 (19. Bxe4 Nxa1 20. Nxa1 Rfe8 $15) 19... Nc3 $11) 18... Nc3 (18... Rfe8 $16) 19. Rd2 Bc7 20. gxf5 Bxe5 21. Bb2 {[%emt 0:01:42] Black must now prevent a3.} (21. Bxb7 Rab8) 21... Rad8 {[%emt 0:00:48] [#]} 22. Nd4 $1 (22. Bxb7 Rxd2 23. Nxd2 Rb8 (23... Nbxa2 $2 {is the wrong capture.} 24. Rxa2 Bxh2+ 25. Kxh2 $18) (23... Ne2+ $2 24. Kf1 $18)) 22... Ncxa2 (22... Na4 23. Rb1 (23. Bxb7 Nxb2 24. Rxb2 Rxd4 $16) 23... Nb6) 23. Bxb7 {[%emt 0:05:00][%cal Bg2b7,Bb7c6,Bc6f3,Bf3g4][%mdl 32] This pair of bishops is nice.} a5 24. f4 Bf6 {[%emt 0:00:33] Black is weak on the light squares} 25. c5 Rfe8 26. c6 {[%emt 0:01:02] [#] c7 would now be deadly.} Re7 27. e4 {[%emt 0:02:19] White is clearly winning.} Nxc6 (27... Rc7 $142 28. Rad1 Bxd4+ 29. Bxd4 Nxc6) 28. Bxc6 Nb4 29. e5 Bxe5 30. fxe5 Rxe5 31. Bf3 f6 32. Rg2 {[%emt 0:01:40] Strongly threatening Ne6.} Rd7 33. Nc6 Rxf5 34. Bg4 {[%emt 0:00:31] Black did not feel at home in the position after the opening.   Weighted Error Value: White=0.14 (very precise) /Black=0.53.  Mistake:       	---       	Black=5      Inaccurate:     	White=3     	Black=2      OK:         	White=7     	Black=4      Best:        	White=2     	---        Strong:       	White=1     	---} 1-0

[Event "Amsterdam Chess Open 2024"]
[Site "Amsterdam"]
[Date "2024.11.01"]
[Round "2.4"]
[White "Grutter, Tim"]
[Black "Gijsen, William"]
[Result "1-0"]
[ECO "B47"]
[WhiteElo "2350"]
[BlackElo "2158"]
[Annotator "RC"]
[PlyCount "127"]
[EventDate "2024.10.31"]
[EventType "swiss"]
[EventCountry "NED"]
[SourceTitle "playchess.com"]
[Source "ChessBase"]
[SourceQuality "1"]
[TimeControl "5400+30"]

1. e4 c5 2. Nf3 e6 3. Nc3 Nc6 4. d4 cxd4 5. Nxd4 Qc7 6. Be2 a6 7. Nxc6 bxc6 8. Qd3 d5 9. Qg3 Qxg3 10. hxg3 Nf6 11. g4 Nxe4 12. Nxe4 dxe4 13. Be3 Be7 14. g5 O-O 15. O-O-O e5 16. g4 Rd8 17. Rdg1 Be6 18. Rh2 Bxa2 19. Rgh1 h6 20. gxh6 g6 21. Rd1 Rxd1+ 22. Kxd1 Be6 23. g5 a5 24. Rh4 Bf5 25. Bc4 Rf8 26. Kd2 Kh7 27. Rh1 f6 28. gxf6 Bxf6 29. Ra1 Ra8 30. Ra4 Bd8 31. Bf1 Rb8 32. Kc1 g5 33. Rc4 Rc8 34. Rc5 Bb6 35. Rxe5 Bxe3+ 36. fxe3 Kg6 37. Rxa5 Bg4 38. Kd2 Bf3 39. Ke1 Kxh6 40. Kf2 Rd8 41. Rc5 Rd6 42. Kg3 Kh5 43. Bh3 Rd1 44. Rxc6 g4 45. Bxg4+ Bxg4 46. Rc5+ Bf5 47. Rxf5+ Kg6 48. Rf2 Kg5 49. Re2 Rb1 50. c3 Rc1 51. Rd2 Rf1 52. Kg2 Rb1 53. Rc2 Re1 54. c4 Rxe3 55. c5 Kf4 56. c6 Rg3+ 57. Kf1 Rg8 58. c7 Rc8 59. b4 Kf3 60. Rc6 e3 61. b5 Rh8 62. Rf6+ Ke4 63. b6 Kd3 64. Rd6+ 1-0

[Event "Amsterdam Chess Open 2024"]
[Site "Amsterdam"]
[Date "2024.11.01"]
[Round "2.5"]
[White "Brink, Barry"]
[Black "Hummel, Paul"]
[Result "1/2-1/2"]
[ECO "A34"]
[WhiteElo "2342"]
[BlackElo "2149"]
[Annotator "RC"]
[PlyCount "75"]
[EventDate "2024.10.31"]
[EventType "swiss"]
[EventCountry "NED"]
[SourceTitle "playchess.com"]
[Source "ChessBase"]
[SourceQuality "1"]
[TimeControl "5400+30"]

1. c4 Nf6 2. Nc3 c5 3. g3 g6 4. Bg2 Bg7 5. e3 O-O 6. Nge2 e6 7. O-O d5 8. cxd5 exd5 9. d4 cxd4 10. Nxd4 Nc6 11. Nxc6 bxc6 12. Bd2 Rb8 13. b3 Bg4 14. Qc1 Nd7 15. h3 Be6 16. Qa3 Ne5 17. Rad1 Bxh3 18. Bxh3 Nf3+ 19. Kg2 Nxd2 20. Rxd2 Bxc3 21. Rc2 d4 22. Qxa7 Qd5+ 23. Kg1 Qe5 24. exd4 Bxd4 25. Qa4 Qxg3+ 26. Bg2 Qf4 27. Qxc6 Rfd8 28. Re1 Rb6 29. Re8+ Rxe8 30. Qxe8+ Kg7 31. Qe4 Qf6 32. Rd2 Bc3 33. Rd1 Re6 34. Qf3 Qe5 35. Qd5 Qf6 36. Qf3 Qe5 37. Qd5 Qf6 38. Qf3 1/2-1/2

[Event "Amsterdam Chess Open 2024"]
[Site "Amsterdam"]
[Date "2024.11.01"]
[Round "2.6"]
[White "Stojiljkovic, Stefan"]
[Black "Braun, Vitali"]
[Result "1-0"]
[ECO "C00"]
[WhiteElo "2122"]
[BlackElo "2339"]
[Annotator "ChessBase"]
[PlyCount "245"]
[EventDate "2024.10.31"]
[EventType "swiss"]
[EventCountry "NED"]
[SourceTitle "playchess.com"]
[Source "ChessBase"]
[SourceQuality "1"]
[TimeControl "5400+30"]

1. e4 e6 2. b3 b6 3. Bb2 Bb7 4. Bd3 Na6 5. Bxa6 Bxa6 6. d3 d5 7. exd5 Qxd5 8. Qf3 Bb7 9. Qxd5 Bxd5 10. Ne2 Nf6 11. O-O Be7 12. Nbc3 Bb7 13. Ng3 O-O-O 14. Rfe1 h5 15. Nge4 h4 16. Ng5 Rdf8 17. Nce4 Rh5 18. Nh3 Nd7 19. a4 a6 20. Ba3 Bxa3 21. Rxa3 e5 22. b4 Rg8 23. a5 g5 24. f3 f5 25. Nexg5 Rhxg5 26. Nxg5 Rxg5 27. Kf2 b5 28. c4 Rg6 29. cxb5 axb5 30. Rc3 Bd5 31. g3 h3 32. Rc2 Rd6 33. Rc3 Kb7 34. Rec1 c6 35. Re1 Re6 36. Rc2 Kc7 37. Rce2 Kd6 38. f4 e4 39. dxe4 fxe4 40. g4 c5 41. bxc5+ Nxc5 42. Ke3 Nd3 43. Rg1 Rf6 44. g5 Rxf4 45. g6 Rf3+ 46. Kd2 Nf4 47. Re3 Rf2+ 48. Kd1 Ra2 49. Rg5 Rxa5 50. g7 Ra8 51. Ra3 Rg8 52. Ra6+ Ke7 53. Re5+ Be6 54. Rxe4 Rxg7 55. Ra7+ Kf6 56. Rxf4+ Ke5 57. Rxg7 Kxf4 58. Rb7 Bc4 59. Ke1 Kf3 60. Rg7 Be6 61. Rg6 Bf5 62. Rg3+ Ke4 63. Kd2 Kd4 64. Rf3 Be6 65. Rf4+ Ke5 66. Rh4 Kf6 67. Rh6+ Ke5 68. Kc3 Bf5 69. Rh4 Kd6 70. Kd4 Be6 71. Rh5 Bd7 72. Kc3 Be6 73. Rxb5 Bd5 74. Kd4 Bg2 75. Rb6+ Ke7 76. Ke5 Kf7 77. Rf6+ Ke7 78. Rf4 Kd7 79. Rf7+ Kc6 80. Rh7 Bf1 81. Rg7 Bg2 82. Rf7 Bh1 83. Rf6+ Kd7 84. Rd6+ Ke7 85. Rh6 Bg2 86. Rh7+ Kf8 87. Ke6 Kg8 88. Re7 Kf8 89. Kf6 Bf1 90. Re5 Bg2 91. Kg6 Bc6 92. Re6 Bd5 93. Re5 Bc6 94. Re3 Bg2 95. Kf6 Bf1 96. Rf3 Bg2 97. Re3 Bf1 98. Kg5 Bg2 99. Kg6 Bd5 100. Rxh3 Be4+ 101. Kf6 Kg8 102. Kg5 Kf7 103. Kh6 Kg8 104. Rg3+ Kh8 105. Rg7 Bd3 106. Rd7 Bc4 107. h4 Bb3 108. Rh7+ Kg8 109. Rb7 Bc2 110. h5 Bd3 111. Rg7+ Kh8 112. Rd7 Bc4 113. Kg6 Bb3 114. Rc7 Ba2 115. Rh7+ Kg8 116. Rb7 Kh8 117. h6 Bd5 118. Re7 Bc4 119. h7 Bd3+ 120. Kh6 Bg6 121. Rd7 Be8 122. Rd6 Bd7 123. Rf6 1-0

[Event "Amsterdam Chess Open 2024"]
[Site "Amsterdam"]
[Date "2024.11.01"]
[Round "2.7"]
[White "Maters, Arthur"]
[Black "Castillo Dalmau, Albert"]
[Result "1-0"]
[ECO "B12"]
[WhiteElo "2118"]
[BlackElo "2318"]
[Annotator "RC"]
[PlyCount "63"]
[EventDate "2024.10.31"]
[EventType "swiss"]
[EventCountry "NED"]
[SourceTitle "playchess.com"]
[Source "ChessBase"]
[SourceQuality "1"]
[TimeControl "5400+30"]

1. e4 c6 2. d4 d5 3. e5 Bf5 4. h4 h5 5. Bd3 Bxd3 6. Qxd3 e6 7. Bg5 Qa5+ 8. Nd2 Nh6 9. Ne2 Qa6 10. c4 Bb4 11. O-O Nd7 12. Ng3 g6 13. a3 dxc4 14. Nxc4 Nb6 15. axb4 Qxc4 16. Qd2 Nf5 17. Nxf5 gxf5 18. Rfc1 Qd5 19. Rc5 Qd7 20. b5 cxb5 21. Rac1 Nd5 22. R1c2 b6 23. Rc6 Qb7 24. Qc1 Kd7 25. Rd6+ Ke8 26. Rxd5 exd5 27. Rc7 Qb8 28. Be7 Rh6 29. Bd6 Rxd6 30. exd6 Qd8 31. Qc6+ Kf8 32. d7 1-0

[Event "Amsterdam Chess Open 2024"]
[Site "Amsterdam"]
[Date "2024.11.01"]
[Round "2.8"]
[White "Jonsson, Gauti Pall"]
[Black "Elgersma, Onno"]
[Result "1/2-1/2"]
[ECO "C01"]
[WhiteElo "2098"]
[BlackElo "2311"]
[Annotator "RC"]
[PlyCount "117"]
[EventDate "2024.10.31"]
[EventType "swiss"]
[EventCountry "NED"]
[SourceTitle "playchess.com"]
[Source "ChessBase"]
[SourceQuality "1"]
[TimeControl "5400+30"]

1. e4 e6 2. d4 d5 3. Bd3 dxe4 4. Bxe4 Nf6 5. Bf3 c5 6. Ne2 Nc6 7. Be3 e5 8. Bxc6+ bxc6 9. dxe5 Qxd1+ 10. Kxd1 Ng4 11. Nd2 Be7 12. Ke1 Nxe5 13. Ne4 O-O 14. Bxc5 Re8 15. Bxe7 Rxe7 16. f3 Ba6 17. Nd4 Rd8 18. Nf5 Nxf3+ 19. gxf3 Re5 20. Nxg7 Kxg7 21. Rg1+ Kf8 22. Rd1 Rb8 23. Kf2 f5 24. Ng5 Re2+ 25. Kg3 h6 26. Nh7+ Kf7 27. Rd7+ Re7 28. Rxe7+ Kxe7 29. Kf4 Kf7 30. Kxf5 Bc8+ 31. Ke5 Rb5+ 32. Kd6 Bf5 33. Ng5+ hxg5 34. Rxg5 Kf6 35. Rg8 Rxb2 36. Rf8+ Kg5 37. h4+ Kf4 38. c4 Rxa2 39. Kxc6 a5 40. h5 a4 41. Kb5 a3 42. Kb4 Ra1 43. Kb3 a2 44. h6 Rh1 45. Kxa2 Rxh6 46. Kb3 Rh3 47. c5 Rxf3+ 48. Kb4 Ke5 49. c6 Rf1 50. Kc5 Rc1+ 51. Kb6 Be6 52. Rd8 Rb1+ 53. Ka6 Rc1 54. Kb6 Kf6 55. c7 Ke7 56. Kb7 Rb1+ 57. Ka7 Bd7 58. c8=Q Bxc8 59. Rxc8 1/2-1/2

[Event "Amsterdam Chess Open 2024"]
[Site "Amsterdam"]
[Date "2024.11.01"]
[Round "2.9"]
[White "Kazarian, Anna-Maja"]
[Black "Brienen, Jacob"]
[Result "1-0"]
[ECO "C65"]
[WhiteElo "2178"]
[BlackElo "1966"]
[Annotator "RC"]
[PlyCount "85"]
[EventDate "2024.10.31"]
[EventType "swiss"]
[EventCountry "NED"]
[SourceTitle "playchess.com"]
[Source "ChessBase"]
[SourceQuality "1"]
[TimeControl "5400+30"]

1. e4 e5 2. Nf3 Nc6 3. Bb5 Nf6 4. d3 Ne7 5. O-O c6 6. Ba4 Ng6 7. c4 Be7 8. Nc3 O-O 9. d4 d6 10. h3 Re8 11. Re1 a6 12. Bb3 h6 13. a4 a5 14. Be3 Bd7 15. dxe5 dxe5 16. c5 Qc8 17. Nd2 Rd8 18. Qe2 Be6 19. Bxe6 Qxe6 20. Qc4 Qxc4 21. Nxc4 Nd7 22. Rad1 Nxc5 23. Rxd8+ Rxd8 24. Nxa5 Ra8 25. Bxc5 Rxa5 26. Bxe7 Nxe7 27. Rd1 b5 28. Rd8+ Kh7 29. axb5 cxb5 30. Rb8 Ra1+ 31. Kh2 Kg6 32. Rxb5 f6 33. Rb7 Nc6 34. Nd5 Rb1 35. f4 exf4 36. Nxf4+ Kh7 37. Nh5 Kh8 38. Rxg7 Rxb2 39. Rc7 Ne5 40. Nxf6 Nf3+ 41. Kg3 Ng5 42. h4 Rb3+ 43. Kh2 1-0

[Event "Amsterdam Chess Open 2024"]
[Site "Amsterdam"]
[Date "2024.11.01"]
[Round "2.10"]
[White "Van Arkel, Rogier"]
[Black "Saine, Zachary"]
[Result "1/2-1/2"]
[ECO "C24"]
[WhiteElo "2235"]
[BlackElo "2038"]
[Annotator "RC"]
[PlyCount "43"]
[EventDate "2024.10.31"]
[EventType "swiss"]
[EventCountry "NED"]
[SourceTitle "playchess.com"]
[Source "ChessBase"]
[SourceQuality "1"]
[TimeControl "5400+30"]

1. e4 e5 2. Bc4 Nf6 3. d3 c6 4. Nf3 d5 5. Bb3 Bd6 6. Nc3 O-O 7. h3 dxe4 8. dxe4 Qc7 9. Bg5 Nfd7 10. Qd2 Nc5 11. O-O-O Nxb3+ 12. axb3 Be7 13. Bxe7 Qxe7 14. Qd6 Qxd6 15. Rxd6 f6 16. b4 Kf7 17. Rhd1 Ke7 18. Na4 Na6 19. c3 Be6 20. Nc5 Nxc5 21. bxc5 Rfd8 22. Rxd8 1/2-1/2

[Event "Amsterdam Chess Open 2024"]
[Site "Amsterdam"]
[Date "2024.11.01"]
[Round "2.11"]
[White "Stan Kok"]
[Black "Baarslag, Ed"]
[Result "0-1"]
[ECO "E20"]
[WhiteElo "1906"]
[BlackElo "1993"]
[Annotator "RC"]
[PlyCount "82"]
[EventDate "2024.10.31"]
[EventType "swiss"]
[EventCountry "NED"]
[SourceTitle "playchess.com"]
[Source "ChessBase"]
[SourceQuality "1"]
[TimeControl "5400+30"]

1. d4 Nf6 2. c4 e6 3. g3 Bb4+ 4. Nc3 d5 5. Bg2 c6 6. Qc2 Nbd7 7. cxd5 exd5 8. e3 O-O 9. Nge2 Re8 10. O-O a5 11. a3 Bd6 12. Bd2 Qe7 13. Rfc1 Nb6 14. Na4 Nc4 15. Be1 Nxe3 16. fxe3 Qxe3+ 17. Bf2 Qxe2 18. Qb3 Qe7 19. Nb6 Rb8 20. Nxc8 Rbxc8 21. Re1 Qc7 22. Qc3 Rxe1+ 23. Rxe1 Re8 24. Rxe8+ Nxe8 25. b4 axb4 26. axb4 Qb6 27. Be1 Nc7 28. Qe3 Ne6 29. Bf2 Qxb4 30. Bh3 Qb1+ 31. Be1 Nxd4 32. Qe8+ Bf8 33. Kf2 Qc2+ 34. Kf1 Qd3+ 35. Kg1 Qe4 36. Qxe4 dxe4 37. Bc8 Nf3+ 38. Kf2 Bc5+ 39. Ke2 b5 40. Bb7 b4 41. Bxc6 Nd4+ 0-1

[Event "Amsterdam Chess Open 2024"]
[Site "Amsterdam"]
[Date "2024.11.01"]
[Round "2.12"]
[White "Dokter, Kasper"]
[Black "Schoonackers, Jeroen"]
[Result "0-1"]
[ECO "C45"]
[WhiteElo "1902"]
[BlackElo "1983"]
[Annotator "RC"]
[PlyCount "58"]
[EventDate "2024.10.31"]
[EventType "swiss"]
[EventCountry "NED"]
[SourceTitle "playchess.com"]
[Source "ChessBase"]
[SourceQuality "1"]
[TimeControl "5400+30"]

1. e4 e5 2. Nf3 Nc6 3. d4 exd4 4. Nxd4 Nf6 5. Nxc6 bxc6 6. Bd3 d5 7. Nd2 Bc5 8. O-O O-O 9. Nb3 Bd6 10. Bg5 h6 11. Bh4 g5 12. f4 dxe4 13. fxg5 Ng4 14. Bxe4 hxg5 15. h3 gxh4 16. hxg4 Qg5 17. Bf5 Qe3+ 18. Kh1 Qg3 19. Kg1 Be6 20. Qd2 Qh2+ 21. Kf2 Bf4 22. Qd3 Bg3+ 23. Kf3 Rad8 24. Qe3 Bd5+ 25. Be4 Bxe4+ 26. Qxe4 Bd6 27. Kf2 Rfe8 28. Qf5 Re5 29. Qf3 Bc5+ 0-1

[Event "Amsterdam Chess Open 2024"]
[Site "Amsterdam"]
[Date "2024.11.01"]
[Round "2.14"]
[White "Spinhoven, John"]
[Black "Van der Meiden, Dirk"]
[Result "0-1"]
[ECO "C55"]
[WhiteElo "1902"]
[BlackElo "1968"]
[Annotator "RC"]
[PlyCount "44"]
[EventDate "2024.10.31"]
[EventType "swiss"]
[EventCountry "NED"]
[SourceTitle "playchess.com"]
[Source "ChessBase"]
[SourceQuality "1"]
[TimeControl "5400+30"]

1. e4 Nf6 2. Nc3 e5 3. Nf3 Nc6 4. Bc4 Nxe4 5. Bxf7+ Kxf7 6. Nxe4 d5 7. Neg5+ Kg8 8. d3 h6 9. Nh3 Qf6 10. Nhg1 Bf5 11. g3 Bc5 12. h3 e4 13. dxe4 Bxe4 14. Rh2 Rf8 15. Bf4 g5 16. Nd2 gxf4 17. Nxe4 Qe5 18. Qg4+ Kh7 19. O-O-O Rhg8 20. Qd7+ Rg7 21. Qxd5 Qxd5 22. Rxd5 fxg3 0-1

[Event "Amsterdam Chess Open 2024"]
[Site "Amsterdam"]
[Date "2024.11.01"]
[Round "2.15"]
[White "Woudt, Ismael"]
[Black "Aziz, Daniel"]
[Result "0-1"]
[ECO "E04"]
[WhiteElo "1968"]
[BlackElo "1882"]
[Annotator "RC"]
[PlyCount "60"]
[EventDate "2024.10.31"]
[EventType "swiss"]
[EventCountry "NED"]
[SourceTitle "playchess.com"]
[Source "ChessBase"]
[SourceQuality "1"]
[TimeControl "5400+30"]

1. d4 d5 2. c4 e6 3. Nf3 Nf6 4. g3 dxc4 5. Bg2 Bb4+ 6. Bd2 a5 7. O-O O-O 8. Qc2 b5 9. a4 Bxd2 10. Nbxd2 c6 11. b3 cxb3 12. Nxb3 Nd5 13. Ne5 Ba6 14. Nc5 Nb4 15. Qb2 bxa4 16. Nxa6 Rxa6 17. Rxa4 Nd7 18. Nc4 Nb6 19. Nxb6 Qxb6 20. Rc1 Rb8 21. Rc5 Qd8 22. Qa1 g6 23. e3 Rab6 24. Bf1 Qf6 25. Raxa5 Kg7 26. Ra8 Rxa8 27. Qxa8 Nd5 28. Rxc6 Rb2 29. f4 Nxf4 30. Qa1 Nh3+ 0-1

[Event "Amsterdam Chess Open 2024"]
[Site "Amsterdam"]
[Date "2024.11.01"]
[Round "2.16"]
[White "Pasti, Fabio"]
[Black "Mikko, Rondo"]
[Result "0-1"]
[ECO "B45"]
[WhiteElo "1881"]
[BlackElo "1966"]
[Annotator "RC"]
[PlyCount "100"]
[EventDate "2024.10.31"]
[EventType "swiss"]
[EventCountry "NED"]
[SourceTitle "playchess.com"]
[Source "ChessBase"]
[SourceQuality "1"]
[TimeControl "5400+30"]

1. e4 c5 2. Nf3 e6 3. d4 cxd4 4. Nxd4 Nf6 5. Nc3 Nc6 6. a3 Be7 7. f4 d5 8. Nxc6 bxc6 9. e5 Nd7 10. Bd3 Nc5 11. O-O Nxd3 12. Qxd3 O-O 13. Rf3 Qb6+ 14. Kh1 Ba6 15. Qd1 f5 16. Rh3 g6 17. b3 c5 18. Bd2 d4 19. Na4 Qc6 20. Be1 Qe4 21. Bh4 Bb7 22. Qd2 Bxh4 23. Nxc5 Qxg2+ 24. Qxg2 Bxg2+ 25. Kxg2 Rfc8 26. Nxe6 Rxc2+ 27. Kh1 Bf2 28. Rd3 Rc3 29. Rxc3 dxc3 30. Rc1 Rc8 31. Kg2 Bb6 32. Kf3 h6 33. b4 Rc4 34. Ke2 Kf7 35. Kd3 Rc8 36. Nc5 Bxc5 37. bxc5 Rxc5 38. h4 g5 39. hxg5 hxg5 40. fxg5 Rxe5 41. Rxc3 Kg6 42. Rc6+ Kxg5 43. Rc7 a5 44. Kd4 Re4+ 45. Kd3 Rg4 46. Ke2 Rg3 47. Rg7+ Kf4 48. Rxg3 Kxg3 49. Kf1 Kf3 50. a4 f4 0-1

[Event "Amsterdam Chess Open 2024"]
[Site "Amsterdam"]
[Date "2024.11.01"]
[Round "2.17"]
[White "Timar, Yannick"]
[Black "Verschoor, Scott"]
[Result "1/2-1/2"]
[ECO "B56"]
[WhiteElo "1881"]
[BlackElo "1966"]
[Annotator "RC"]
[PlyCount "64"]
[EventDate "2024.10.31"]
[EventType "swiss"]
[EventCountry "NED"]
[SourceTitle "playchess.com"]
[Source "ChessBase"]
[SourceQuality "1"]
[TimeControl "5400+30"]

1. e4 c5 2. Nf3 d6 3. d4 cxd4 4. Nxd4 Nf6 5. Nc3 Nc6 6. f3 e5 7. Nb3 Be6 8. Be3 d5 9. exd5 Nxd5 10. Nxd5 Qxd5 11. Qxd5 Bxd5 12. Rd1 O-O-O 13. c4 Be6 14. Rxd8+ Kxd8 15. Nc5 Bc8 16. Bd3 f5 17. a3 b6 18. Na4 g6 19. Kd2 Nd4 20. b4 Bd7 21. Nc3 Bc6 22. Nd5 h6 23. Kc3 Ne6 24. g4 Nc7 25. Nxc7 Kxc7 26. gxf5 Bg7 27. Be4 gxf5 28. Bxf5 Bxf3 29. Rg1 Bf6 30. Rg6 Bg5 31. Bxg5 hxg5 32. Rxg5 Rxh2 1/2-1/2

[Event "Amsterdam Chess Open 2024"]
[Site "Amsterdam"]
[Date "2024.11.01"]
[Round "2.18"]
[White "Garau, Francesca"]
[Black "Straat, Evert-Jan"]
[Result "1/2-1/2"]
[ECO "C06"]
[WhiteElo "1879"]
[BlackElo "1955"]
[Annotator "RC"]
[PlyCount "90"]
[EventDate "2024.10.31"]
[EventType "swiss"]
[EventCountry "NED"]
[SourceTitle "playchess.com"]
[Source "ChessBase"]
[SourceQuality "1"]
[TimeControl "5400+30"]

1. e4 e6 2. d4 d5 3. Nd2 Nf6 4. e5 Nfd7 5. Ngf3 c5 6. c3 Nc6 7. Bd3 cxd4 8. cxd4 Be7 9. O-O g5 10. Nb3 h5 11. h4 gxh4 12. Kh2 Qc7 13. Bg5 h3 14. Kxh3 Bxg5 15. Nxg5 f6 16. Bg6+ Ke7 17. Nf7 Rf8 18. Qxh5 Rxf7 19. Bxf7 fxe5 20. Bg8 Kd6 21. Rac1 Qd8 22. Qf7 Nf6 23. Bh7 Nxh7 24. dxe5+ Nxe5 25. Qxh7 Bd7 26. Nd4 Qh8 27. Qxh8 Rxh8+ 28. Kg3 Rg8+ 29. Kh2 Ng4+ 30. Kg1 e5 31. Nf3 Bc6 32. Rfe1 d4 33. Nd2 Ne3 34. fxe3 Rxg2+ 35. Kf1 Rxd2 36. exd4 Bb5+ 37. Kg1 exd4 38. Rcd1 Rxb2 39. Rxd4+ Kc7 40. Rc1+ Kb6 41. a4 Bc6 42. Rcc4 Ra2 43. Rf4 Ka5 44. Rf5+ Kb6 45. Rff4 Ka5 1/2-1/2

[Event "Amsterdam Chess Open 2024"]
[Site "Amsterdam"]
[Date "2024.11.01"]
[Round "2.20"]
[White "Vintonyak, Yuriy"]
[Black "Beijen, Mark"]
[Result "1/2-1/2"]
[ECO "A37"]
[WhiteElo "1872"]
[BlackElo "1945"]
[Annotator "RC"]
[PlyCount "108"]
[EventDate "2024.10.31"]
[EventType "swiss"]
[EventCountry "NED"]
[SourceTitle "playchess.com"]
[Source "ChessBase"]
[SourceQuality "1"]
[TimeControl "5400+30"]

1. c4 c5 2. Nc3 Nc6 3. g3 g6 4. Bg2 Bg7 5. Nf3 d6 6. O-O e5 7. d3 Nge7 8. Rb1 O-O 9. a3 a5 10. Bd2 h6 11. Nb5 Be6 12. Qc2 Qd7 13. e3 Rfc8 14. e4 Nd4 15. Nfxd4 cxd4 16. Qc1 Kh7 17. Qe1 Nc6 18. f4 f5 19. exf5 gxf5 20. fxe5 dxe5 21. Qe2 Rf8 22. Rbe1 Rae8 23. Qh5 Rf6 24. g4 e4 25. Bxe4 Rg6 26. Bxf5 Bxf5 27. Qxf5 Qxf5 28. Rxf5 Rxg4+ 29. Kf1 Rxe1+ 30. Bxe1 Kg6 31. Rd5 Be5 32. h3 Rg5 33. Nd6 Ne7 34. Nxb7 Nxd5 35. cxd5 Rf5+ 36. Ke2 Bf4 37. d6 Rd5 38. Nxa5 Bxd6 39. Nc4 Bb8 40. b4 Rg5 41. Kf3 Rf5+ 42. Ke2 Rf7 43. Bf2 Re7+ 44. Kd2 Bf4+ 45. Kd1 Kf5 46. b5 Be3 47. Bxe3 dxe3 48. Ke2 Kf4 49. b6 Rg7 50. Kf1 Rd7 51. Ke2 Rg7 52. Kf1 Rd7 53. Ke2 Rg7 54. Kf1 Rd7 1/2-1/2